 Dungeon Crawl Stone Soup version 0.24.0-13-gcf9b319 (webtiles) character file.

Game seed: 13140712147533062084, levelgen mode: deterministic

42 Bronimir the Gusty (level 3, 0/19 HPs)
             Began as a Tengu Air Elementalist on Mar 27, 2020.
             Succumbed to an adder's poison
             ... on level 2 of the Dungeon.
             The game lasted 00:04:22 (1113 turns).

Bronimir the Gusty (Tengu Air Elementalist)         Turns: 1113, Time: 00:04:22

Health: 0/19       AC:  3    Str: 13    XL:     3   Next: 56%
Magic:  2/7        EV: 13    Int: 16    God:
Gold:   96         SH:  0    Dex: 14    Spells: 0/6 levels left

rFire    . . .     SeeInvis .   b - +0 club
rCold    . . .     Gourm    .   (no shield)
rNeg     . . .     Faith    .   a - +0 robe
rPois    .         Spirit   .   (helmet restricted)
rElec    .         Reflect  .   h - +0 cloak
rCorr    .         Harm     .   (no gloves)
MR       .....                  (boots unavailable)
Stlth    ++........             (no amulet)
HPRegen  0.06/turn              (no ring)
MPRegen  0.10/turn              (no ring)

@: mighty, lethally poisoned (0 -> -5)
A: beak, talons 3
a: no special abilities


You were on level 2 of the Dungeon.
You were not hungry.

You visited 1 branch of the dungeon, and saw 2 of its levels.

You collected 96 gold pieces.

Inventory:

Hand Weapons
 b - a +0 club (weapon)
Missiles
 e - 7 silver javelins (quivered)
 g - 7 poisoned darts
 j - 46 stones
 k - 17 bolts
Armour
 a - a +0 robe (worn)
 h - a +0 cloak (worn)
Scrolls
 f - a scroll of amnesia {unknown}
 i - 2 scrolls of teleportation {unknown}
 l - a scroll of blinking {unknown}
 n - a scroll of identify {unknown}
 o - a scroll of immolation {unknown}
Comestibles
 c - 2 rations


   Skills:
 + Level 2.4 Dodging
 + Level 2.3 Stealth
 + Level 2.4 Spellcasting
 + Level 1.8 Conjurations
 + Level 4.9 Air Magic


You couldn't memorise any spells.
You knew the following spells:

 Your Spells              Type           Power        Failure   Level  Hunger
a - Shock                 Conj/Air       ##..         4%          1    #......
b - Swiftness             Chrm/Air       #.......     11%         2    ###....
c - Static Discharge      Conj/Air       ##......     14%         3    ###....

Your spell library contained the following spells:

 Spells                   Type           Power        Failure   Level  Hunger
 Airstrike                Air            ###.......   26%         4    #####..
 Lightning Bolt           Conj/Air       ##........   80%         5    ######.


Dungeon Overview and Level Annotations

Branches:
Dungeon (2/15)

Altars:


Innate Abilities, Weirdness & Mutations

You have a beak for a mouth.
You have claws for feet.


Message History

The adder closely misses you.
You barely miss the adder. You claw the adder.
You kill the adder!
* * * LOW HITPOINT WARNING * * *
You feel sick. The kobold barely misses you. The rat misses you.
You closely miss the kobold. Your kick misses the kobold. The kobold hits you.
* * * LOW HITPOINT WARNING * * *
The rat barely misses you. The kobold barely misses you.
The rat completely misses you.
You sock the kobold!
You kill the kobold!
* * * LOW HITPOINT WARNING * * *
You feel sick. The rat bites you but does no damage.
You see here a stone.
You hit the rat.
You kill the rat!
* * * LOW HITPOINT WARNING * * *
You feel sick.
You see here a rat corpse.
You die...

# #<....# .#
.........#
#.###.#.#...#
.........#
#...........#
.........#
#.....###..##
.........# #.......#
.. .........#
#######.# .........#
#.#
.........#+#######.#
.......@...†(....#.#
#######..........'.#
#...(......###
##+#########


There were no monsters in sight!

Vanquished Creatures
  An adder (D:2)
  A leopard gecko (D:1)
  A ball python (D:1)
  2 giant cockroaches (D:1)
  2 goblins (D:1)
  6 hobgoblins
  7 jackals (D:1)
  2 bats (D:1)
  2 kobolds
  5 rats
29 creatures vanquished.

Notes
Turn   | Place    | Note
-------+----------+-------------------------------------------
     0 | D:1      | Bronimir the Tengu Air Elementalist began the quest for the
                  | Orb.
     0 | D:1      | Reached XP level 1. HP: 10/10 MP: 4/4
   156 | D:1      | Reached XP level 2. HP: 14/15 MP: 1/6
   208 | D:1      | Learned a level 2 spell: Swiftness
   693 | D:1      | Reached XP level 3. HP: 19/19 MP: 5/7
   965 | D:1      | Learned a level 3 spell: Static Discharge
  1113 | D:2      | Succumbed to an adder's poison

Levels and vault maps discovered:
D:1:      eino_arrival_cavern_b, layout_rooms
D:2:      layout_basic, uniq_terence

Action                   || total
-------------------------++-------
Melee: Unarmed           ||     5
       Club              ||    29
       Kick              ||     9
       Peck              ||     7
 Cast: Shock             ||    31
       Static Discharge  ||     2
  Use: Potion            ||     1
 Stab: Sleeping          ||     1
  Eat: Chunk             ||     1
Armor: Robe              ||     5
Dodge: Dodged            ||    35
